 Dungeon Crawl Stone Soup version 0.29-a0-321-gf1c400731a (webtiles) character file.

Game seed: 799483516213036246

219 kae the Firebug (level 5, -4/30 HPs)
             Began as a Tengu Fire Elementalist on Apr 4, 2022.
             Slain by a gnoll
             ... wielding a +0 halberd
              (12 damage)
             ... on level 3 of the Dungeon.
             The game lasted 00:03:10 (4297 turns).

kae the Firebug (Tengu Fire Elementalist)           Turns: 4297, Time: 00:03:11

Health: -4/30      AC:  3    Str: 10    XL:     5   Next: 96%
Magic:  5/9        EV: 15    Int: 27    God:
Gold:   156        SH:  0    Dex: 15    Spells: 3/9 levels left

rFire   . . .      SeeInvis .   i - +0 short sword (drain)
rCold   . . .      Faith    .   (no shield)
rNeg    . . .      Spirit   .   a - +1 robe
rPois   .          Reflect  .   (helmet restricted)
rElec   .          Harm     .   (no cloak)
rCorr   +          Rampage  .   (no gloves)
Will    .....                   (boots unavailable)
Stlth   +++.......              (no amulet)
HPRegen 0.10/turn               f - +6 ring of intelligence
MPRegen 0.11/turn               e - ring of Koogap {Fly rCorr Str+2 Int+4 Stlth+}

@: flying quickly and evasively, quick
A: beak, talons 3, nimble flight
a: no special abilities


You were on level 3 of the Dungeon.
You visited 1 branch of the dungeon, and saw 3 of its levels.

You collected 222 gold pieces.
You spent 66 gold pieces at shops.

Inventory:

Hand Weapons
 d - a +4 falchion
 i - a +0 short sword of draining (weapon)
Missiles
 l - a throwing net
Armour
 a - a +1 robe (worn)
Jewellery
 e - the ring of Koogap (right hand) {Fly rCorr Str+2 Int+4 Stlth+}
   (You found it on level 2 of the Dungeon)

   [ring of flight]

   Str:       It affects your strength (+2).
   Int:       It affects your intelligence (+4).
   Fly:       It grants you flight.
   rCorr:     It protects you from acid and corrosion.
   Stlth:     It makes you more stealthy.
 f - a +6 ring of intelligence (left hand)
 r - a +6 ring of intelligence
Scrolls
 c - a scroll of fog
 m - a scroll of enchant weapon {unknown}
 o - a scroll of teleportation {unknown}
 q - 3 scrolls of identify
Potions
 b - a potion of magic
 g - a potion of berserk rage
 h - 4 potions of curing
 j - 2 potions of haste {unknown}
 k - 2 potions of lignification
 n - a potion of heal wounds {unknown}
 p - a potion of attraction {unknown}
 s - a potion of might {unknown}


   Skills:
 + Level 1.7 Fighting
 + Level 1.9 Armour
 + Level 3.3 Dodging
 - Level 2.0 Stealth
 + Level 2.6 Spellcasting
 + Level 3.1 Conjurations
 * Level 4.6 Fire Magic


You had 3 spell levels left.
You knew the following spells:

 Your Spells              Type           Power      Damage    Failure   Level
a - Foxfire               Conj/Fire      96%        2x1d8     1%          1
b - Scorch                Fire           56%        2d8       1%          2
c - Conjure Flame         Conj/Fire      24%        6-21      5%          3

Your spell library contained the following spells:

 Spells                   Type           Power      Damage    Failure   Level
 Inner Flame              Hex/Fire       16%        N/A       11%         3
 Flame Wave               Conj/Fire      24%        2d7       19%         4


Dungeon Overview and Level Annotations

Branches:
Dungeon (3/15)

Altars:

Shops:
D:2 !


Innate Abilities, Weirdness & Mutations

You have a beak for a mouth.
You have claws for feet.
Your magical nature lets you fly swiftly and evasively.


Message History

The foxfire hits the gnoll.
The gnoll is severely wounded.
The gnoll misses you.
The gnoll hits you from afar with a +0 spear.
Casting: Foxfire (safe; 1% risk of failure)
Confirm with . or Enter, or press ? or * to list all spells.
You conjure some foxfire!
The gnoll hits you from afar with a +0 spear!
The gnoll hits you from afar with a +0 halberd.
Your foxfire dissipates!
The foxfire hits the gnoll.
The gnoll is almost dead.
The gnoll misses you.
The gnoll hits you from afar with a +0 halberd!
* * * LOW HITPOINT WARNING * * *
There is a stone staircase leading up here.
You fly upwards.
There is a stone staircase leading down here.
Magic restored.
Key pressed, stopping explore.
HP restored.
Done exploring.
You fly downwards.
The gnoll hits you from afar with a +0 spear.
There is a stone staircase leading up here.
Casting: Foxfire (safe; 1% risk of failure)
Confirm with . or Enter, or press ? or * to list all spells.
Flames lash the gnoll.
The gnoll is heavily wounded.
The gnoll's fire resistance burns away.
The gnoll barely misses you.
The gnoll hits you from afar with a +0 spear!
The gnoll barely misses you. The gnoll closely misses you.
Casting: Scorch (safe; 1% risk of failure)
Confirm with . or Enter, or press ? or * to list all spells.
Flames lash the gnoll.
The gnoll is burned terribly!
You kill the gnoll!
The gnoll hits you from afar with a +0 halberd!
* * * LOW HITPOINT WARNING * * *
The gnoll hits you from afar with a +0 halberd!
You die...

............#.##...<... ###
###.##........##...#.....<.. ..
........>..............#......###
.........).......... .......#....
....##......####.#. .....#...###
....####......##..# ##.....#....
...........#......####.....)####.
..##.####.........)....#...>.# ##
..........#.....@.g.####.###.##
.###.####.#...................###
#.##...........#.###.....
##.##>............# ###... ####
#..........##.....#####...
#..#####.##......................
#...........###.####.###.........
##..........###.####.............
####..............####..##......


You could see a gnoll.

Vanquished Creatures
  Jessica (D:2)
  An iguana (D:3)
  7 gnolls
  3 adders
  An ufetubus (D:3)
  A worm (D:3)
  4 dart slugs
  An orc (D:3)
  5 ball pythons
  6 endoplasms
  6 goblins
  4 hobgoblins
  5 kobolds
  2 quokkas
  10 bats
  5 rats
62 creatures vanquished.

Vanquished Creatures (collateral kills)
  A foxfire (D:1)
1 creature vanquished.

Vanquished Creatures (others)
  208 foxfires
208 creatures vanquished.

Grand Total: 271 creatures vanquished

Notes
Turn   | Place    | Note
-------+----------+-------------------------------------------
     0 | D:1      | kae the Tengu Fire Elementalist began the quest for the
                  | Orb.
     0 | D:1      | Reached XP level 1. HP: 10/10 MP: 4/4
   179 | D:1      | Reached XP level 2. HP: 15/15 MP: 1/6
   808 | D:1      | Reached XP level 3. HP: 20/20 MP: 2/7
   811 | D:1      | Learned a level 2 spell: Scorch
   815 | D:1      | Learned a level 3 spell: Conjure Flame
  1258 | D:1      | Found a faded altar of an unknown god.
  1873 | D:2      | Reached skill level 1 in Fighting
  1957 | D:2      | Reached XP level 4. HP: 25/25 MP: 6/8
  2011 | D:2      | Reached skill level 4 in Fire Magic
  2176 | D:2      | Reached skill level 1 in Armour
  2407 | D:2      | Found Wiyleoxo's Distillery.
  2535 | D:2      | Bought a potion of curing for 33 gold pieces
  2535 | D:2      | Bought a potion of lignification for 33 gold pieces
  2666 | D:2      | Noticed Jessica
  2670 | D:2      | Killed Jessica
  2928 | D:2      | Gained mutation: Your magical nature lets you fly swiftly
                  | and evasively. [Tengu growth]
  2928 | D:2      | Reached XP level 5. HP: 24/29 MP: 2/9
  3259 | D:2      | Identified the ring of Koogap {Fly rCorr Str+2 Int+4
                  | Stlth+}
  4297 | D:3      | Slain by a gnoll

Illustrated notes

Levels and vault maps discovered:
D:1:      psy_arrival_whirlpool, layout_basic,
          dilly_ecumenical_altar_fadedgnrine, hangedman_feature_mirror,
          minmay_pentomino_z2
D:2:      layout_basic, serial_shops, shop, uniq_jessica
D:3:      layout_rooms, minmay_bisected

Skill      XL: |  1  2  3  4  5 |
---------------+----------------+-----
Conjurations   | 2 3 |  3.1
Fighting       | 1 |  1.7
Fire Magic     | 4 |  4.6
Armour         | 1 |  1.9
Dodging        | 3 |  3.3
Stealth        | |  2.0
Spellcasting   | |  2.6

Action                   |  1- 3 |  4- 6 || total
-------------------------+-------+-------++-------
Melee: Unarmed           |     1 |       ||     1
       Short sword       |     6 |     8 ||    14
       Kick              |     3 |       ||     3
       Peck              |       |     2 ||     2
 Cast: Foxfire           |    63 |    69 ||   132
       Scorch            |     1 |    10 ||    11
  Use: Scroll            |     6 |     1 ||     7
 Stab: Sleeping          |     1 |       ||     1
Armor: Robe              |     4 |       ||     4
Dodge: Dodged            |    12 |    19 ||    31

Table legend: (Time is in decaauts)
 A = Elapsed time spent in this place.
 B = Non-inter-level travel time spent in this place.
 C = Inter-level travel time spent in this place.
 D = Time resting spent in this place.
 E = Time spent auto-exploring this place.
 F = Levels seen in this place.
 G = Mean time per level.
                   A        B        C        D        E       F      G
               +--------+--------+--------+--------+--------+-----+--------+
         Total |   4246 |   4160 |     86 |    106 |   3560 |   3 | 1415.3 |
       Dungeon |   4246 |   4160 |     86 |    106 |   3560 |   3 | 1415.3 |
               +--------+--------+--------+--------+--------+-----+--------+

Top non-repeatable levels by time:
     D:2: 2180 daAuts
     D:1: 1430 daAuts
     D:3: 635 daAuts
